 Dungeon Crawl Stone Soup version 0.28-b1-1-g3c77fb2ed1 (webtiles) character file.

Game seed: 3253323297785037105

2571 Maxine the Ruffian (level 9, -10/92 HPs)
             Began as a Troll Berserker on Jan 30, 2022.
             Was a Priest of Trog.
             Mangled by a vampire (13 damage)
             ... on level 7 of the Dungeon.
             The game lasted 00:15:42 (5048 turns).

Maxine the Ruffian (Troll Berserker)                Turns: 5048, Time: 00:15:43

Health: -10/92     AC:  4    Str: 29 (31) XL:     9   Next: 32%
Magic:  8/8        EV: 10    Int:  1 (3)  God:    Trog [***...]
Gold:   273        SH:  0    Dex:  6 (9)  Spells: 8/8 levels left

rFire   . . .      SeeInvis .   B - +2 mace (vorpal)
rCold   . . .      Faith    .   (no shield)
rNeg    + . .      Spirit   .   a - +0 animal skin
rPois   .          Reflect  .   (helmet restricted)
rElec   .          Harm     .   (no cloak)
rCorr   .          Rampage  .   (gloves unavailable)
Will    ++...                   (boots unavailable)
Stlth   +.........              (no amulet)
HPRegen 2.05/turn               e - ring of positive energy
MPRegen 0.11/turn               (no ring)

@: strong-willed, regenerating
A: large, unfitting armour, claws 3, regeneration 1, shaggy fur 1, tough skin 1
a: Renounce Religion, Berserk, Trog's Hand


You were on level 7 of the Dungeon.
You worshipped Trog.
Trog was most pleased with you.
You visited 1 branch of the dungeon, and saw 7 of its levels.

You collected 273 gold pieces.

Inventory:

Hand Weapons
 B - a +2 vorpal mace (weapon)
Missiles
 t - 2 throwing nets (quivered)
Armour
 a - a +0 animal skin (worn)
Jewellery
 e - a ring of positive energy (left claw)
 l - a ring of resist corrosion
Wands
 p - a wand of charming (15)
 s - a wand of iceblast (6)
 w - a wand of acid (11)
 y - a wand of digging (9)
 D - a wand of flame (15)
Scrolls
 b - a scroll of blinking {unknown}
 f - 3 scrolls of enchant armour {unknown}
 i - 4 scrolls of teleportation
 j - a scroll of summoning {unknown}
 k - a scroll of immolation {unknown}
 n - a scroll of brand weapon {unknown}
 q - a scroll of fog {unknown}
 r - 2 scrolls of amnesia {unknown}
 u - a scroll of noise {unknown}
 x - a scroll of vulnerability {unknown}
 z - 2 scrolls of magic mapping {unknown}
 A - a scroll of torment {unknown}
 C - a scroll of enchant weapon {unknown}
Potions
 c - 2 potions of haste {unknown}
 d - 2 potions of might
 g - 2 potions of curing
 h - 2 potions of cancellation
 m - a potion of attraction {unknown}
 o - 2 potions of degeneration


   Skills:
 + Level 6.4 Fighting
 * Level 4.1 Maces & Flails
 + Level 6.3 Dodging
 - Level 6.9 Unarmed Combat


You had 8 spell levels left.
You didn't know any spells.
Your spell library was empty.

Dungeon Overview and Level Annotations

Branches:
Dungeon (7/15)             Temple (0/1) D:4

Altars:
Dithmenos
Makhleb
Okawaru

Annotations:
D:7 Placeboclown's ghost, novice DrCj


Innate Abilities, Weirdness & Mutations

You are too large for most types of armour.
You have claws for hands.
Your natural rate of healing is unusually fast.
You are covered in fur. (AC +1)
You have tough skin. (AC +1)


Message History

The black bear closely misses you. The black bear claws you.
You hit the black bear.
The black bear is almost dead.
The black bear bites you. The black bear claws you. x2
The vampire gestures wildly while chanting.
The vampire flickers and vanishes!
Deactivating autopickup; reactivate with Ctrl-A.
The black bear bites you! The black bear claws you.
The black bear barely misses you.
You hit the black bear.
The black bear is almost dead.
The black bear bites you! The black bear barely misses you.
The black bear claws you. The black bear bites you.
The black bear barely misses you. x2
You thump the black bear!
You kill the black bear!
Trog accepts your kill.
Your Maces & Flails skill increases to level 4!
Okay, then.
Your skin crawls.
You feel strong-willed. Something hits you. Something bites you!
* * * LOW HITPOINT WARNING * * *
Something draws strength from your injuries!
You hit something. Your claw misses something.
Something hits you but does no damage. Something bites you!
* * * LOW HITPOINT WARNING * * *
Okay, then.
It was a potion of degeneration.
There was something very wrong with that liquid.
You feel weakened.
You feel dopey.
You feel clumsy. Something hits you!
* * * LOW HITPOINT WARNING * * *
Something bites you!
* * * LOW HITPOINT WARNING * * *
Something draws strength from your injuries!
You feel better. Something hits you!
* * * LOW HITPOINT WARNING * * *
Something bites you!
You die...

...............#
##############.#
##############.########
......>................
...###########.########
##.# #.# #.# #.###
#.###########...#
#...........(.#@#
###############.# ♣♣♣.♣
♣...♣ ♣..♣♣♣ ♣♣♣♣♣♣♣♣♣
♣..♣ ♣♣......♣♣ ♣♣.
♣...♣♣♣... h ♣♣♣...♣
♣♣♣♣ .♣ ♣....♣♣


There were no monsters in sight!

Vanquished Creatures
  Grinder (D:5)
  A wyvern (D:7)
  A steam dragon (D:7)
  3 necrophages
  4 black bears
  An ice beast (D:6)
  2 ogres
  3 centaurs
  A phantom (D:5)
  A bullfrog (D:6)
  4 scorpions
  2 killer bees (D:7)
  A bullfrog zombie (D:6)
  2 hounds
  A centaur skeleton (D:6)
  An orc priest (D:5)
  Jessica (D:2)
  Terence (D:3)
  Natasha (D:2)
  3 orc wizards (D:6)
  7 gnolls
  A howler monkey skeleton (D:5)
  5 adders
  A shadow imp (D:6)
  A white imp (D:7)
  3 worms
  2 dart slugs
  17 orcs
  2 ball pythons
  5 endoplasms
  3 giant cockroaches
  8 goblins
  2 hobgoblins
  7 jackals (D:3)
  8 kobolds
  3 quokkas
  6 bats
  4 frilled lizards
  6 rats
126 creatures vanquished.

Notes
Turn   | Place    | Note
-------+----------+-------------------------------------------
     0 | D:1      | Maxine the Troll Berserker began the quest for the Orb.
     0 | D:1      | Reached XP level 1. HP: 22/22 MP: 0/0
   179 | D:1      | Found a faded altar of an unknown god.
   320 | D:1      | Reached XP level 2. HP: 27/29 MP: 1/1
   810 | D:2      | Reached XP level 3. HP: 34/36 MP: 2/2
   957 | D:2      | Reached ** piety under Trog
   959 | D:2      | Noticed Jessica
   964 | D:2      | Killed Jessica
   965 | D:2      | Reached XP level 4. HP: 41/45 MP: 3/3
  1194 | D:2      | Noticed Natasha
  1207 | D:2      | Killed Natasha
  1758 | D:3      | Reached XP level 5. HP: 40/53 MP: 4/4
  2029 | D:3      | Noticed Terence
  2047 | D:3      | Killed Terence
  2255 | D:5      | Entered Level 5 of the Dungeon
  2287 | D:5      | Identified the +5 ring mail of the Peculiar Invaders {rC+
                  | Str+4 Dex+3}
  2289 | D:5      | Noticed a black bear
  2298 | D:5      | Killed a black bear
  2299 | D:5      | Reached XP level 6. HP: 51/62 MP: 5/5
  2356 | D:5      | Noticed Grinder
  2364 | D:5      | Killed Grinder
  2364 | D:5      | Reached *** piety under Trog
  2365 | D:5      | Reached skill level 5 in Unarmed Combat
  2447 | D:5      | Reached XP level 7. HP: 50/71 MP: 6/6
  3127 | D:4      | Found a staircase to the Ecumenical Temple.
  3183 | D:4      | Reached skill level 5 in Fighting
  3183 | D:4      | Reached skill level 5 in Dodging
  3274 | D:4      | Reached XP level 8. HP: 80/80 MP: 7/7
  3466 | D:4      | Found a burning altar of Makhleb.
  3972 | D:6      | Found a shadowy altar of Dithmenos.
  3987 | D:6      | Found an iron altar of Okawaru.
  4006 | D:6      | Reached skill level 1 in Maces & Flails
  4068 | D:6      | Reached **** piety under Trog
  4576 | D:7      | Reached XP level 9. HP: 54/89 MP: 8/8
  4680 | D:7      | Noticed Placeboclown's ghost (novice DrCj)
  5047 | D:7      | HP: 3/92 [something (9)]
  5048 | D:7      | Mangled by a vampire

Illustrated notes

Levels and vault maps discovered:
D:1:      minmay_arrival_checkered_box, layout_loops_corners,
          shapermc_ecumenical_altar_mp_highgroup
D:2:      layout_basic, uniq_natasha, uniq_jessica
D:3:      layout_loops_corners, chequers_garden, chequers_serial_rivers_micro_c,
          uniq_terence
D:4:      layout_rooms, marbit_many_paths, temple_pool_b
D:5:      layout_loops_ring, uniq_grinder
D:6:      layout_basic, lemuel_crystal_altar, mainiacjoe_overflow_chevrons
D:7:      kb_forest_paths, layout_basic, gammafunk_ghost_wrathful_warriors

Skill      XL: |  1  2  3  4  5  6  7  8  9 |
---------------+----------------------------+-----
Fighting       | 3 4 5 6 |  6.4
Dodging        | 3 4 5 6 |  6.3
Unarmed Combat | 4 5 6 |  6.9
Maces & Flails | 2 4 |  4.1

Action                   |  1- 3 |  4- 6 |  7- 9 || total
-------------------------+-------+-------+-------++-------
Melee: Unarmed           |    51 |   142 |   131 ||   324
       Punch             |       |     7 |    10 ||    17
       Mace              |       |       |    96 ||    96
Throw: Throwing net      |       |       |     1 ||     1
Invok: Berserk           |       |     1 |     3 ||     4
       Trog's Hand       |       |       |     1 ||     1
Evoke: Wand              |       |       |     2 ||     2
  Use: Scroll            |       |       |     5 ||     5
       Potion            |       |       |     2 ||     2
Armor: Animal skin       |     6 |    30 |    49 ||    85
Dodge: Dodged            |    18 |    72 |   132 ||   222
